AoeStats
← tonytctang

Arena

504953220Analyzed
4v4 RM · 25d ago on Sep 7, 2026· 45m 40s· 8 players
Game mode
Random Map
Map size
Large (8 player)
Population
200
Speed
Normal
Resources
Standard
Victory
Conquest
Starting age
Dark Age
Ending age
Imperial Age
RankedLock teamsTeams togetherTeam positionsShared explorationLock speedFull tech treeHidden civsTurbo modeCheats
Victory
Defeat
🇭🇰 Turks · Hong Kong SAR China
1094
+15
🇭🇰 Saracens · Hong Kong SAR China
1084
+15
🇺🇸 Jurchens · United States
1074
+16
🇻🇳 Italians · Vietnam
1067
+16
🇹🇷 Wei · Türkiye
1087
-16
🇩🇪 Vietnamese · Germany
1085
-16
🇺🇸 Gurjaras · United States
1084
-16
🇨🇿 Dravidians · Czechia
1034
-14
S1lv3r81
10:48 Feudal Age
11:58 Double-Bit Axe
14:42 Castle Age
13:27 Double-Bit Axe
13:37 Horse Collar
15:49 Loom
16:32 Bow Saw
21:09 Gold Mining
22:41 Heavy Plow
23:41 Forging
23:33 Stone Mining
23:46 Town Watch
25:35 Wheelbarrow
31:26 Imperial Age
29:34 Hand Cart
30:26 Gold Shaft Mining
30:28 Stone Shaft Mining
31:11 Iron Casting
30:42 Scale Barding Armor
32:08 Bloodlines
31:59 Husbandry
33:00 Town Patrol
33:01 Elite Steppe Lancer
34:44 Blast Furnace
34:15 Ballistics
33:37 Treadmill Crane
33:52 Murder Holes
35:06 Chain Barding Armor
36:39 Chemistry
36:06 Conscription
36:23 Hoardings
37:01 Pikeman
37:41 Squires
43:23 Elite Iron Pagoda
44:52 Plate Barding Armor
Công An Xã
0:42 Loom
11:47 Feudal Age
15:44 Castle Age
13:47 Double-Bit Axe
25:44 Fletching
26:28 Horse Collar
27:37 Bow Saw
30:48 Imperial Age
28:56 Husbandry
29:06 Bloodlines
29:22 Thumb Ring
30:17 Bodkin Arrow
30:23 Padded Archer Armor
30:33 Forging
31:01 Ballistics
33:08 Chemistry
31:30 Capped Ram
31:40 Light Cavalry
33:00 Hussar
42:30 Elite Genoese Crossbowman
tonytctang
10:31 Feudal Age
10:27 Loom
11:52 Horse Collar
11:58 Double-Bit Axe
19:13 Castle Age
17:03 Loom
17:46 Stone Mining
17:49 Gold Mining
20:49 Bow Saw
20:41 Heavy Plow
22:28 Town Watch
23:19 Wheelbarrow
27:21 Gold Shaft Mining
27:33 Forging
27:29 Scale Barding Armor
28:00 Hand Cart
29:09 Iron Casting
31:47 Imperial Age
32:01 Chain Barding Armor
31:56 Bloodlines
31:46 Husbandry
33:36 Conscription
33:49 Elite Mameluke
37:18 Chemistry
36:29 Masonry
36:24 Siege Engineers
36:14 Murder Holes
36:30 Fortified Wall
36:01 Treadmill Crane
36:01 Light Cavalry
37:28 Plate Barding Armor
37:54 Blast Furnace
40:11 Town Patrol
42:55 Two-Man Saw
42:21 Fletching
42:31 Padded Archer Armor
42:32 Scale Mail Armor
42:33 Hussar
43:24 Bodkin Arrow
46:27 Coinage
45:58 Caravan
46:22 Ballistics
45:53 Guard Tower
45:48 Arrowslits
46:21 Leather Archer Armor
46:22 Chain Mail Armor
46:07 Bracer
45:31 Heavy Camel Rider
45:35 Pikeman
46:15 Squires
46:00 Gambesons
46:01 Arson
45:37 Man-at-Arms
kit7292001
3:01 Loom
11:33 Feudal Age
17:02 Castle Age
15:48 Double-Bit Axe
15:45 Horse Collar
18:53 Wheelbarrow
26:02 Imperial Age
30:37 Bow Saw
33:45 Padded Archer Armor
36:55 Artillery
39:03 Forging
38:59 Scale Barding Armor
38:54 Scale Mail Armor
42:35 Elite Janissary
43:29 Heavy Plow
45:09 Iron Casting
44:50 Chain Mail Armor
44:55 Chain Barding Armor
Brawling Toaster
11:00 Feudal Age
12:18 Wheelbarrow
11:29 Loom
11:31 Double-Bit Axe
11:40 Stone Mining
11:42 Gold Mining
11:38 Horse Collar
18:10 Castle Age
19:08 Bow Saw
19:15 Hand Cart
19:10 Heavy Plow
23:43 Town Watch
25:25 Gold Shaft Mining
27:02 Stone Shaft Mining
26:32 Treadmill Crane
30:47 Imperial Age
29:07 Husbandry
29:17 Bloodlines
29:34 Scale Barding Armor
29:52 Forging
30:53 Padded Archer Armor
30:43 Fletching
31:21 Town Patrol
31:24 Caravan
31:57 Ballistics
32:07 Leather Archer Armor
32:16 Conscription
33:23 Crop Rotation
32:59 Bodkin Arrow
34:41 Chemistry
34:33 Thumb Ring
34:36 Bracer
34:30 Heavy Camel Rider
35:39 Chain Barding Armor
35:55 Iron Casting
37:13 Plate Barding Armor
36:05 Elite Skirmisher
40:30 Frontier Guards
40:57 Kshatriyas
FBM
5:21 Loom
11:29 Feudal Age
12:33 Man-at-Arms
13:13 Fletching
15:33 Arson
19:03 Double-Bit Axe
21:51 Castle Age
19:47 Horse Collar
20:02 Gold Mining
21:10 Scale Mail Armor
21:22 Forging
23:04 Bow Saw
22:58 Heavy Plow
26:09 Squires
26:25 Chain Mail Armor
27:07 Elite Skirmisher
29:42 Wheelbarrow
29:34 Padded Archer Armor
33:09 Thumb Ring
34:12 Bodkin Arrow
34:41 Ballistics
38:52 Leather Archer Armor
42:09 Imperial Age
SexyDaddy
10:45 Feudal Age
9:01 Loom
11:42 Double-Bit Axe
12:49 Horse Collar
16:53 Castle Age
15:25 Stone Mining
16:32 Gold Mining
17:53 Loom
18:31 Bow Saw
20:34 Bloodlines
21:03 Heavy Plow
23:13 Wheelbarrow
24:01 Gold Shaft Mining
24:23 Town Watch
24:50 Scale Barding Armor
26:53 Husbandry
27:42 Chain Barding Armor
27:32 Forging
30:39 Elite Skirmisher
33:22 Ballistics
33:10 Fletching
33:20 Padded Archer Armor
34:18 Fortified Wall
34:22 Bodkin Arrow
35:02 Hand Cart
39:57 Imperial Age
41:17 Ming Guang Armor
41:11 Elite Tiger Cavalry
42:28 Conscription
43:38 Iron Casting
43:50 Leather Archer Armor
44:22 Parthian Tactics
43:24 Imperial Skirmisher
píno
0:53 Loom
9:56 Feudal Age
15:42 Castle Age
16:44 Double-Bit Axe
16:43 Horse Collar
22:16 Heavy Plow
24:38 Wheelbarrow
23:57 Fletching
24:07 Padded Archer Armor
24:07 Scale Mail Armor
24:47 Bow Saw
24:37 Bodkin Arrow
24:38 Gold Mining
24:45 Stone Mining
25:48 Town Watch
26:26 Medical Corps
27:39 Hand Cart
28:04 Town Patrol
28:22 Leather Archer Armor
29:17 Ballistics
33:11 Imperial Age
31:42 Chain Mail Armor
31:55 Fortified Wall
32:21 Husbandry
32:37 Masonry
33:14 Elite Elephant Archer
33:20 Elite Urumi Swordsman
34:35 Pikeman
35:19 Squires
36:30 Chemistry
Connection lost

Rejoining the realm…

Still unreachable

The connection could not be restored.

Session expired

The server has moved on; the page needs a fresh start.